[Event "19th Delhi GM Open 2022"]
[Site "Delhi"]
[Date "2022.03.22"]
[Round "1.6"]
[White "Gukesh D"]
[Black "Sudarshan Bhat"]
[Result "1-0"]
[ECO "E26"]
[WhiteElo "2614"]
[BlackElo "2100"]
[Annotator "ChessBase"]
[PlyCount "53"]
[EventDate "2022.03.22"]
[EventType "swiss"]
[EventCountry "IND"]
[SourceTitle "playchess.com"]
[Source "ChessBase"]
[SourceQuality "1"]
[TimeControl "5400+30"]

1. d4 Nf6 2. c4 e6 3. Nc3 Bb4 4. a3 Bxc3+ 5. bxc3 c5 6. e3 Nc6 7. Bd3 b6 8. Ne2 Ba6 9. e4 e5 10. f4 O-O 11. fxe5 Ne8 12. O-O d6 13. exd6 Nxd6 14. e5 Nxc4 15. Ng3 Nxd4 16. Qh5 g6 17. Qh3 Nb3 18. Ne4 f5 19. exf6 Nxa1 20. Ng5 h5 21. f7+ Rxf7 22. Nxf7 Qd5 23. Qg3 Ne5 24. Nxe5 Bxd3 25. Nxd3 Kh7 26. Qc7+ Kh8 27. Rf7 1-0

[Event "19th Delhi GM Open 2022"]
[Site "Delhi"]
[Date "2022.03.22"]
[Round "1.7"]
[White "Dhruv Khosla"]
[Black "Lalith Babu M R"]
[Result "0-1"]
[ECO "C81"]
[WhiteElo "2072"]
[BlackElo "2563"]
[Annotator "ChessBase"]
[PlyCount "76"]
[EventDate "2022.03.22"]
[EventType "swiss"]
[EventCountry "IND"]
[SourceTitle "playchess.com"]
[Source "ChessBase"]
[SourceQuality "1"]
[TimeControl "5400+30"]

1. e4 e5 2. Nf3 Nc6 3. Bb5 a6 4. Ba4 Nf6 5. O-O Nxe4 6. d4 b5 7. Bb3 d5 8. dxe5 Be6 9. Qe2 Be7 10. Rd1 Na5 11. Nbd2 Nc5 12. Nd4 O-O 13. c4 bxc4 14. Nxc4 Nxc4 15. Bxc4 Qe8 16. Bb3 Nxb3 17. axb3 Bc8 18. Bf4 c5 19. Nb5 Qc6 20. Nd6 Be6 21. Qf3 f6 22. Nc4 Rac8 23. Na5 Qb5 24. Qg3 Bd8 25. Qc3 Bc7 26. h3 d4 27. Qe1 Rce8 28. Rdc1 fxe5 29. Bd2 Rf6 30. b4 Rg6 31. Rxc5 Qd7 32. Qc1 Bd6 33. Ra3 Bxc5 34. bxc5 Bd5 35. Rg3 Rxg3 36. fxg3 Qb5 37. Be1 e4 38. c6 e3 0-1

[Event "19th Delhi GM Open 2022"]
[Site "Delhi"]
[Date "2022.03.22"]
[Round "1.8"]
[White "Visakh N R"]
[Black "Kavinda, Akila"]
[Result "1-0"]
[ECO "A40"]
[WhiteElo "2522"]
[BlackElo "2068"]
[Annotator "ChessBase"]
[PlyCount "63"]
[EventDate "2022.03.22"]
[EventType "swiss"]
[EventCountry "IND"]
[SourceTitle "playchess.com"]
[Source "ChessBase"]
[SourceQuality "1"]
[TimeControl "5400+30"]

1. d4 Nf6 2. c4 e6 3. g3 Nc6 4. Bg2 Bb4+ 5. Bd2 Qe7 6. e3 O-O 7. Ne2 a5 8. Nbc3 d6 9. O-O Nb8 10. Nf4 Bxc3 11. Bxc3 c6 12. Nd3 Nbd7 13. Qd2 a4 14. Rfe1 e5 15. f4 e4 16. Nf2 h5 17. b3 Re8 18. Rac1 axb3 19. axb3 b6 20. h3 Bb7 21. g4 hxg4 22. hxg4 Ra3 23. g5 Nh5 24. Nxe4 Rea8 25. Qd1 d5 26. Qxh5 dxe4 27. Re2 Rxb3 28. Bf1 f5 29. Rh2 Nf8 30. g6 Nxg6 31. Qxg6 Raa3 32. Qh7+ 1-0

[Event "19th Delhi GM Open 2022"]
[Site "Delhi"]
[Date "2022.03.22"]
[Round "1.9"]
[White "Santu, Mondal"]
[Black "Deepan Chakkravarthy J."]
[Result "0-1"]
[ECO "A49"]
[WhiteElo "2063"]
[BlackElo "2520"]
[Annotator "ChessBase"]
[PlyCount "84"]
[EventDate "2022.03.22"]
[EventType "swiss"]
[EventCountry "IND"]
[SourceTitle "playchess.com"]
[Source "ChessBase"]
[SourceQuality "1"]
[TimeControl "5400+30"]

1. d4 Nf6 2. Nf3 g6 3. g3 Bg7 4. Bg2 O-O 5. O-O b6 6. Ne5 c6 7. c4 Bb7 8. Nc3 d6 9. Nd3 Qc7 10. e4 Nbd7 11. Be3 e5 12. dxe5 dxe5 13. h3 Rfd8 14. Qc2 Nf8 15. c5 Ne6 16. Ne2 Ba6 17. Rfd1 Bxd3 18. Rxd3 Rxd3 19. Qxd3 bxc5 20. Rc1 Nd7 21. h4 Bf8 22. Bh3 Nd4 23. Nc3 Nb6 24. Qa6 Rb8 25. b3 h5 26. Kh2 Kg7 27. Nd1 c4 28. bxc4 Nd7 29. Bxd7 Qxd7 30. c5 Rb5 31. Qa3 Nf3+ 32. Kg2 Ne1+ 33. Kh2 Qg4 34. Nc3 Nf3+ 35. Kg2 Rb7 36. Qa6 Nxh4+ 37. Kh2 Nf3+ 38. Kg2 Rb4 39. Qxc6 h4 40. Nd5 Rb2 41. Qf6+ Kg8 42. Kf1 Qh3# 0-1

[Event "19th Delhi GM Open 2022"]
[Site "Delhi"]
[Date "2022.03.22"]
[Round "1.10"]
[White "Iniyan, P."]
[Black "Mahindrakar Indrajeet"]
[Result "1-0"]
[ECO "C18"]
[WhiteElo "2516"]
[BlackElo "2059"]
[Annotator "ChessBase"]
[PlyCount "73"]
[EventDate "2022.03.22"]
[EventType "swiss"]
[EventCountry "IND"]
[SourceTitle "playchess.com"]
[Source "ChessBase"]
[SourceQuality "1"]
[TimeControl "5400+30"]

1. e4 e6 2. d4 d5 3. Nc3 Bb4 4. e5 c5 5. a3 Bxc3+ 6. bxc3 Qc7 7. h4 Ne7 8. h5 h6 9. Nf3 b6 10. Bb5+ Nd7 11. a4 Nc6 12. Rh4 cxd4 13. cxd4 Nb4 14. Rb1 Na2 15. Bd2 Nc3 16. Bxc3 Qxc3+ 17. Kf1 Bb7 18. Rb3 Qc7 19. Rg4 Rg8 20. Kg1 Rc8 21. Ne1 Bc6 22. Rc3 Nb8 23. Rcg3 Bxb5 24. axb5 Qc4 25. Rxg7 Rxg7 26. Rxg7 Qxb5 27. Qf3 Kd8 28. Qxf7 Nd7 29. Qe7+ Kc7 30. Qd6+ Kb7 31. Rxd7+ Ka6 32. Nd3 Rc4 33. Qe7 Qb1+ 34. Kh2 Qd1 35. Rxa7+ Kb5 36. Qe8+ Rc6 37. Ra2 1-0

[Event "19th Delhi GM Open 2022"]
[Site "Delhi"]
[Date "2022.03.22"]
[Round "1.11"]
[White "Sri Sai Baswanth P"]
[Black "Mosadeghpour, Masoud"]
[Result "0-1"]
[ECO "D76"]
[WhiteElo "2057"]
[BlackElo "2511"]
[Annotator "ChessBase"]
[PlyCount "89"]
[EventDate "2022.03.22"]
[EventType "swiss"]
[EventCountry "IND"]
[SourceTitle "playchess.com"]
[Source "ChessBase"]
[SourceQuality "1"]
[TimeControl "5400+30"]

1. c4 g6 2. g3 Bg7 3. Bg2 Nf6 4. d4 d5 5. cxd5 Nxd5 6. Nf3 O-O 7. O-O Nb6 8. Nc3 Nc6 9. d5 Na5 10. e4 c6 11. Qe1 cxd5 12. exd5 Nxd5 13. Nxd5 Qxd5 14. Qxe7 Bg4 15. Ng5 Qd7 16. Qxd7 Bxd7 17. Bd2 Nc6 18. Rac1 Rad8 19. Be3 h6 20. Ne4 b6 21. Rfd1 Bxb2 22. Bxh6 Bf5 23. Nf6+ Bxf6 24. Bxf8 Nd4 25. Bh6 Ne2+ 26. Kf1 Nxc1 27. Rxd8+ Bxd8 28. Bxc1 Be6 29. a3 Be7 30. Bb2 Bc5 31. Bf3 Bc4+ 32. Be2 Bxe2+ 33. Kxe2 b5 34. f4 a5 35. g4 a4 36. Kd3 f5 37. h3 Kf7 38. g5 Ke6 39. h4 Kd5 40. Ke2 b4 41. axb4 Bxb4 42. Kf3 a3 43. Ba1 Bd2 44. h5 gxh5 45. g6 0-1

[Event "19th Delhi GM Open 2022"]
[Site "Delhi"]
[Date "2022.03.22"]
[Round "1.12"]
[White "Mitrabha, Guha"]
[Black "Purushothaman, Thirumalai"]
[Result "1-0"]
[ECO "D78"]
[WhiteElo "2510"]
[BlackElo "2055"]
[Annotator "ChessBase"]
[PlyCount "93"]
[EventDate "2022.03.22"]
[EventType "swiss"]
[EventCountry "IND"]
[SourceTitle "playchess.com"]
[Source "ChessBase"]
[SourceQuality "1"]
[TimeControl "5400+30"]

1. d4 Nf6 2. c4 g6 3. g3 Bg7 4. Bg2 d5 5. Nf3 O-O 6. O-O c6 7. Qb3 dxc4 8. Qxc4 Nbd7 9. Nc3 Nb6 10. Qd3 Be6 11. Rd1 Bc4 12. Qc2 Nfd5 13. e4 Nc7 14. Be3 f5 15. Bf4 fxe4 16. Nxe4 Rxf4 17. gxf4 Ne6 18. f5 Nf4 19. fxg6 hxg6 20. Ne5 Bd5 21. Ng4 Qd7 22. Ne3 Rf8 23. a4 Nh3+ 24. Bxh3 Qxh3 25. Ra3 Qh4 26. Nxd5 Nxd5 27. Rg3 Rf4 28. Ng5 Rf5 29. Ne6 Qh5 30. Re1 Bf6 31. Qb3 Kf7 32. Re4 Qh6 33. f4 b6 34. a5 Rh5 35. h3 Rf5 36. Kh2 Qh8 37. axb6 axb6 38. Qd1 Bh4 39. Rg2 Rh5 40. Qg4 Rh6 41. Ng5+ Bxg5 42. fxg5 Qb8+ 43. Kh1 Rh8 44. Rf2+ Kg7 45. Qf3 Rh7 46. Kg2 Kg8 47. Re6 1-0

[Event "19th Delhi GM Open 2022"]
[Site "Delhi"]
[Date "2022.03.22"]
[Round "1.13"]
[White "Hemanth Raam"]
[Black "Arjun Kalyan"]
[Result "0-1"]
[ECO "B90"]
[WhiteElo "2043"]
[BlackElo "2506"]
[Annotator "ChessBase"]
[PlyCount "72"]
[EventDate "2022.03.22"]
[EventType "swiss"]
[EventCountry "IND"]
[SourceTitle "playchess.com"]
[Source "ChessBase"]
[SourceQuality "1"]
[TimeControl "5400+30"]

1. e4 c5 2. Nf3 d6 3. d4 cxd4 4. Nxd4 Nf6 5. Nc3 a6 6. Nb3 e6 7. Be3 b5 8. a4 b4 9. Na2 Nc6 10. Bd3 Bb7 11. O-O d5 12. exd5 Qxd5 13. c4 Qd7 14. Qc2 Qc7 15. Be2 Bd6 16. h3 O-O 17. Rfd1 Rfd8 18. c5 Be7 19. Bf3 a5 20. Rxd8+ Nxd8 21. Bxb7 Qxb7 22. Nac1 Nd5 23. Qe2 Nc6 24. Nd3 Bf6 25. Rc1 Rd8 26. Rc2 Qd7 27. Rd2 e5 28. Ne1 e4 29. Nc2 Bxb2 30. Bg5 f6 31. Qxe4 fxg5 32. Ne3 Bd4 33. Nxd4 Nc3 34. Nxc6 Nxe4 35. Rxd7 Rxd7 36. Nxa5 Nxc5 0-1

[Event "19th Delhi GM Open 2022"]
[Site "Delhi"]
[Date "2022.03.22"]
[Round "1.14"]
[White "Harsha Bharathakoti"]
[Black "Shiva Pavan Teja Sharma U"]
[Result "1-0"]
[ECO "A05"]
[WhiteElo "2499"]
[BlackElo "2022"]
[Annotator "ChessBase"]
[PlyCount "77"]
[EventDate "2022.03.22"]
[EventType "swiss"]
[EventCountry "IND"]
[SourceTitle "playchess.com"]
[Source "ChessBase"]
[SourceQuality "1"]
[TimeControl "5400+30"]

1. Nf3 Nf6 2. g3 b6 3. Bg2 Bb7 4. c4 c5 5. Nc3 e6 6. O-O a6 7. d4 cxd4 8. Qxd4 d6 9. Rd1 Be7 10. Ng5 Bxg2 11. Kxg2 Nc6 12. Qf4 O-O 13. Nce4 Ne8 14. b3 Ra7 15. Bb2 Rd7 16. Nf3 h6 17. h4 f5 18. Nc3 Bf6 19. Qe3 e5 20. Nd5 f4 21. Qe4 Ne7 22. gxf4 exf4 23. Qe6+ Kh8 24. Bxf6 Nxf6 25. Nxf4 Qe8 26. Rxd6 Ng6 27. Nxg6+ Qxg6+ 28. Kf1 Rxd6 29. Qxd6 Re8 30. Rd1 Qg4 31. Qg3 Qe4 32. Nd4 Nh5 33. Qf3 Qxh4 34. Nf5 Qg5 35. Nd6 Re7 36. Nf7+ Rxf7 37. Qxf7 Nf4 38. Qe8+ Kh7 39. Qe4+ 1-0

[Event "19th Delhi GM Open 2022"]
[Site "Delhi"]
[Date "2022.03.27"]
[Round "8.3"]
[White "Karthik Venkataraman"]
[Black "Gukesh D"]
[Result "0-1"]
[ECO "E10"]
[WhiteElo "2485"]
[BlackElo "2614"]
[Annotator "ChessBase"]
[PlyCount "58"]
[EventDate "2022.03.22"]
[EventType "swiss"]
[EventCountry "IND"]
[SourceTitle "playchess.com"]
[Source "ChessBase"]
[SourceQuality "1"]
[TimeControl "5400+30"]

1. d4 Nf6 2. c4 e6 3. Nf3 d5 4. g3 Bb4+ 5. Bd2 a5 6. Bg2 O-O 7. Qc2 c5 8. cxd5 cxd4 9. Nxd4 Qb6 10. e3 exd5 11. O-O Nc6 12. Nxc6 bxc6 13. Nc3 h5 14. Na4 Qd8 15. Rfc1 h4 16. Bxb4 axb4 17. b3 h3 18. Bh1 Rb8 19. Qxc6 d4 20. Qc5 d3 21. Rd1 Bb7 22. f3 Re8 23. e4 Ba6 24. Rd2 Rc8 25. Qxb4 Rc2 26. Rad1 Qc7 27. Rf2 Nd5 28. Qe1 Qa7 29. a3 Re2 0-1

[Event "19th Delhi GM Open 2022"]
[Site "Delhi"]
[Date "2022.03.27"]
[Round "8.6"]
[White "Neelash Saha"]
[Black "Delgado Ramirez, Neuris"]
[Result "1-0"]
[ECO "B30"]
[WhiteElo "2445"]
[BlackElo "2615"]
[Annotator "ChessBase"]
[PlyCount "117"]
[EventDate "2022.03.22"]
[EventType "swiss"]
[EventCountry "IND"]
[SourceTitle "playchess.com"]
[Source "ChessBase"]
[SourceQuality "1"]
[TimeControl "5400+30"]

1. e4 c5 2. Nf3 Nc6 3. Bb5 e6 4. O-O Nge7 5. Re1 b6 6. b3 Bb7 7. Bb2 Qc7 8. Bf1 Ng6 9. Nc3 Be7 10. Nb5 Qb8 11. Bxg7 Rg8 12. Bb2 h5 13. d4 a6 14. Nc3 cxd4 15. Nxd4 Nxd4 16. Qxd4 Ne5 17. Be2 Bc5 18. Qd2 Qc7 19. Bxh5 O-O-O 20. Na4 f5 21. Qc3 Ng6 22. b4 Nf4 23. g3 Bd6 24. Bf3 Qxc3 25. Bxc3 b5 26. Nc5 Bxc5 27. bxc5 Nh3+ 28. Kf1 Ng5 29. Bg2 Nxe4 30. Bb4 Bc6 31. Rad1 Kb7 32. Rd4 a5 33. Bxe4 fxe4 34. Bd2 Bd5 35. a3 Rc8 36. Bxa5 Rxc5 37. c3 e5 38. Rd2 Bc4+ 39. Kg1 d5 40. f3 Bd3 41. fxe4 Bxe4 42. Rf2 Rc6 43. Rf7+ Ka6 44. Bb4 Kb6 45. Re7 Rg5 46. Rf1 Rc7 47. Rf6+ Kb7 48. Ree6 Rcg7 49. Rb6+ Kc7 50. Rxb5 R5g6 51. Rbb6 Rxf6 52. Rxf6 Rg5 53. Kf2 d4 54. h4 Rh5 55. Ke2 Bc6 56. Kd3 Bb5+ 57. Kd2 Bc6 58. cxd4 exd4 59. Rd6 1-0

[Event "19th Delhi GM Open 2022"]
[Site "Delhi"]
[Date "2022.03.27"]
[Round "8.8"]
[White "Deepan Chakkravarthy J."]
[Black "Poormosavi, Seyed Kian"]
[Result "0-1"]
[ECO "A50"]
[WhiteElo "2520"]
[BlackElo "2229"]
[Annotator "ChessBase"]
[PlyCount "92"]
[EventDate "2022.03.22"]
[EventType "swiss"]
[EventCountry "IND"]
[SourceTitle "playchess.com"]
[Source "ChessBase"]
[SourceQuality "1"]
[TimeControl "5400+30"]

1. d4 Nf6 2. c4 b6 3. Nc3 Bb7 4. Bf4 e6 5. Nf3 Bb4 6. e3 Ne4 7. Qc2 f5 8. h4 O-O 9. h5 c5 10. d5 d6 11. O-O-O Bxc3 12. bxc3 e5 13. Bh2 b5 14. Bd3 bxc4 15. Bxe4 fxe4 16. Qxe4 Nd7 17. Qc2 h6 18. Bg3 Qa5 19. e4 Bc8 20. Kb2 Nb6 21. Nd2 Na4+ 22. Ka1 Ba6 23. Bh4 Rab8 24. Rb1 Rxb1+ 25. Nxb1 Rb8 26. Rh3 Nb2 27. Qxb2 Rxb2 28. Kxb2 Qa4 29. Rh1 Qe8 30. Bg3 Qe7 31. Nd2 Bc8 32. Nxc4 Ba6 33. Ne3 Qb7+ 34. Ka1 Qb5 35. c4 Qb4 36. Rc1 Qd2 37. Kb1 Qd3+ 38. Kb2 Qxe4 39. Rc3 Qd4 40. Kc2 Bc8 41. f3 Bd7 42. Ra3 Be8 43. Rd3 Qa1 44. Ra3 Bxh5 45. Rxa7 Bg6+ 46. Kd2 Qb2+ 0-1

[Event "19th Delhi GM Open 2022"]
[Site "Delhi"]
[Date "2022.03.27"]
[Round "8.12"]
[White "Arjun Kalyan"]
[Black "Bharat Kumar Reddy Poluri"]
[Result "1/2-1/2"]
[ECO "C18"]
[WhiteElo "2506"]
[BlackElo "2263"]
[Annotator "ChessBase"]
[PlyCount "72"]
[EventDate "2022.03.22"]
[EventType "swiss"]
[EventCountry "IND"]
[SourceTitle "playchess.com"]
[Source "ChessBase"]
[SourceQuality "1"]
[TimeControl "5400+30"]

1. e4 e6 2. d4 d5 3. Nc3 Bb4 4. e5 c5 5. a3 Bxc3+ 6. bxc3 Ne7 7. Qg4 Nf5 8. Bd3 h5 9. Qf4 Qh4 10. Nf3 Qxf4 11. Bxf4 cxd4 12. cxd4 Nc6 13. c3 Bd7 14. Ke2 Rc8 15. Nd2 Na5 16. Rhc1 b6 17. g3 Rc6 18. h3 f6 19. exf6 gxf6 20. g4 Ne7 21. g5 e5 22. dxe5 fxe5 23. Bxe5 Re6 24. f4 O-O 25. Ke3 Nec6 26. Nf3 Nb3 27. Nd4 Ncxd4 28. cxd4 Nxa1 29. Rxa1 Ree8 30. Rc1 Rc8 31. Rxc8 Bxc8 32. Bd6 Rd8 33. Be5 Rf8 34. Bd6 Rd8 35. Be5 Rf8 36. h4 Bf5 1/2-1/2

[Event "19th Delhi GM Open 2022"]
[Site "Delhi"]
[Date "2022.03.27"]
[Round "8.14"]
[White "Tahbaz, Arash"]
[Black "Manigandan, S S"]
[Result "1-0"]
[ECO "A48"]
[WhiteElo "2469"]
[BlackElo "2127"]
[Annotator "ChessBase"]
[PlyCount "110"]
[EventDate "2022.03.22"]
[EventType "swiss"]
[EventCountry "IND"]
[SourceTitle "playchess.com"]
[Source "ChessBase"]
[SourceQuality "1"]
[TimeControl "5400+30"]

1. d4 Nf6 2. Nf3 g6 3. Bg5 Bg7 4. Nbd2 d5 5. e3 c5 6. c3 O-O 7. Be2 Qb6 8. Qb3 Nc6 9. O-O Bg4 10. Bxf6 Bxf6 11. Qxd5 Qxb2 12. Qb3 Qxb3 13. axb3 cxd4 14. exd4 Rfd8 15. h3 Be6 16. b4 b6 17. Ba6 Bd5 18. Rfe1 Rab8 19. Nh2 b5 20. Ng4 Rb6 21. Ne3 e6 22. Nxd5 Rxd5 23. Ne4 Kg7 24. Nc5 e5 25. Bxb5 exd4 26. c4 Nxb4 27. cxd5 Rxb5 28. Ne4 Rxd5 29. Rxa7 d3 30. Rd1 h6 31. Rb7 Rd4 32. Nc5 Kf8 33. Kf1 Be7 34. Nd7+ Kg7 35. Ne5 Kf8 36. Ra1 Rd8 37. Rb1 Rd5 38. Nf3 Nc6 39. Rc1 Nd4 40. Nd2 Nc2 41. Rd1 Bc5 42. Ne4 Be7 43. Rc7 Nb4 44. Ra1 Re5 45. Rc4 Rd5 46. Rb1 Nc2 47. Ra4 Re5 48. Rd1 Rd5 49. Nc3 Rd8 50. Ra5 Nb4 51. Rb5 Rd4 52. Rb1 Kg7 53. Rb7 Bc5 54. Rc7 Bf8 55. Ra1 Nc2 1-0

[Event "19th Delhi GM Open 2022"]
[Site "Delhi"]
[Date "2022.03.29"]
[Round "10.6"]
[White "Iniyan, P."]
[Black "Neelash Saha"]
[Result "*"]
[ECO "C18"]
[WhiteElo "2516"]
[BlackElo "2445"]
[Annotator "ChessBase"]
[PlyCount "27"]
[EventDate "2022.03.22"]
[EventType "swiss"]
[EventCountry "IND"]
[SourceTitle "playchess.com"]
[Source "ChessBase"]
[SourceQuality "1"]
[TimeControl "5400+30"]

1. e4 e6 2. d4 d5 3. Nc3 Bb4 4. e5 c5 5. a3 Bxc3+ 6. bxc3 Qa5 7. Bd2 Qa4 8. h4 Nc6 9. h5 h6 10. Nf3 Nge7 11. Rh4 c4 12. g3 Bd7 13. Rf4 Rf8 14. Nh4 *

[Event "19th Delhi GM Open 2022"]
[Site "Delhi"]
[Date "2022.03.29"]
[Round "10.9"]
[White "Harshavardhan G B"]
[Black "Mirzoev, Azer"]
[Result "*"]
[ECO "C72"]
[WhiteElo "2402"]
[BlackElo "2468"]
[Annotator "ChessBase"]
[PlyCount "29"]
[EventDate "2022.03.22"]
[EventType "swiss"]
[EventCountry "IND"]
[SourceTitle "playchess.com"]
[Source "ChessBase"]
[SourceQuality "1"]
[TimeControl "5400+30"]

1. e4 e5 2. Nf3 Nc6 3. Bb5 a6 4. Ba4 d6 5. O-O Bd7 6. d4 Nf6 7. Bxc6 Bxc6 8. Re1 Be7 9. Nc3 exd4 10. Nxd4 Bd7 11. Qf3 O-O 12. Nf5 Bxf5 13. exf5 c6 14. Bg5 h6 15. Bh4 *

[Event "19th Delhi GM Open 2022"]
[Site "Delhi"]
[Date "2022.03.29"]
[Round "10.12"]
[White "Vignesh N R"]
[Black "Bharat Kumar Reddy Poluri"]
[Result "*"]
[ECO "C07"]
[WhiteElo "2444"]
[BlackElo "2263"]
[Annotator "ChessBase"]
[PlyCount "20"]
[EventDate "2022.03.22"]
[EventType "swiss"]
[EventCountry "IND"]
[SourceTitle "playchess.com"]
[Source "ChessBase"]
[SourceQuality "1"]
[TimeControl "5400+30"]

1. e4 e6 2. d4 d5 3. Nd2 c5 4. Ngf3 cxd4 5. Nxd4 Nc6 6. Bb5 Bd7 7. Nxc6 bxc6 8. Bd3 Qc7 9. Qe2 Ne7 10. O-O Ng6 *

[Event "19th Delhi GM Open 2022"]
[Site "Delhi"]
[Date "2022.03.29"]
[Round "10.13"]
[White "Divya Deshmukh"]
[Black "Laxman, R.R."]
[Result "*"]
[ECO "A46"]
[WhiteElo "2301"]
[BlackElo "2429"]
[Annotator "ChessBase"]
[PlyCount "22"]
[EventDate "2022.03.22"]
[EventType "swiss"]
[EventCountry "IND"]
[SourceTitle "playchess.com"]
[Source "ChessBase"]
[SourceQuality "1"]
[TimeControl "5400+30"]

1. d4 Nf6 2. Nf3 e6 3. Bf4 b6 4. e3 Bb7 5. h3 g6 6. Bd3 Bg7 7. O-O O-O 8. c4 d5 9. Nc3 dxc4 10. Bxc4 a6 11. a4 Nbd7 *